 Dungeon Crawl Stone Soup version 0.16.2-12-gd0ad4c3 (webtiles) character file.

22038 faibistes the Thaumaturge (level 12, -13/66 HPs)
             Began as a Deep Elf Wizard on July 17, 2018.
             Was the Champion of Sif Muna.
             Killed from afar by Harold (28 damage)
             ... with a bolt of fire
             ... on level 2 of the Lair of Beasts on July 18, 2018.
             The game lasted 01:11:28 (19532 turns).

faibistes the Thaumaturge (Deep Elf Wizard)        Turns: 19532, Time: 01:11:29

Health: -13/66     AC:  5    Str:  4    XL:     12   Next: 59%
Magic:  18/35      EV: 16    Int: 29    God:    Sif Muna [******]
Gold:   574        SH:  0    Dex: 13    Spells: 9 memorised, 10 levels left

rFire  . . .     SeeInvis .     N - +4 demon blade (venom)
rCold  . . .     Clarity  +     r - +0 robe
rNeg   . . .     SustAb   .     (no shield)
rPois  .         Gourm    .     b - +0 hat
rElec  .         Spirit   .     P - +2 cloak
rCorr  .         Warding  .     (no gloves)
rMut   .         Stasis   .     (no boots)
MR     ++...                    E - amulet of clarity
Stlth  ++........               H - ring of protection from magic
                                (no ring)

@: very resistant to hostile enchantments, unstealthy
A: no striking features
a: Channel Energy, Forget Spell, Renounce Religion


You were on level 2 of the Lair of Beasts.
You worshipped Sif Muna.
Sif Muna was exalted by your worship.
You were not hungry.

You visited 3 branches of the dungeon, and saw 15 of its levels.

You collected 689 gold pieces.
You spent 115 gold pieces at shops.

Inventory:

Hand weapons
 p - a cursed +0 short sword of draining
 N - a +4 demon blade of venom (weapon)
 V - a +1 short sword of venom
Armour
 b - a +0 hat (worn)
 r - a +0 robe (worn)
 P - a +2 cloak (worn)
Magical staves
 f - an uncursed staff of summoning
 F - an uncursed staff of death
Jewellery
 a - an uncursed amulet of resist mutation
 E - an amulet of clarity (around neck)
 H - a ring of protection from magic (right hand)
 M - an uncursed amulet of resist corrosion
Magical devices
 g - a wand of cold (10)
 k - a wand of enslavement (0)
 m - a wand of disintegration (12)
 w - a wand of fire (7)
 G - a wand of fireball (1)
 I - a wand of paralysis (7)
 K - a wand of slowing (22)
 R - a wand of disintegration (17)
 S - a wand of magic darts (14)
 X - a wand of flame (25)
 Y - a wand of teleportation (1)
Scrolls
 e - 3 scrolls of magic mapping
 o - 2 scrolls of blinking
 t - 2 scrolls of immolation
 v - a scroll of teleportation
 x - 6 scrolls of remove curse
 T - a scroll of amnesia
 W - a scroll of fear
Potions
 h - 2 potions of brilliance
 j - a potion of restore abilities {unknown}
 l - 3 potions of invisibility
 n - 4 potions of curing
 s - a potion of berserk rage {unknown}
 u - a potion of agility {unknown}
 z - a potion of poison {unknown}
 A - 2 potions of resistance
 B - 3 potions of ambrosia
 C - a potion of cancellation {unknown}
 Q - a potion of beneficial mutation {unknown}
 U - 2 potions of heal wounds {unknown}
Books
 c - a book of Minor Magic

   Spells                             Type                      Level
   a - Magic Dart                     Conjuration                  1
   b - Blink                          Translocation                2
   c - Call Imp                       Summoning                    2
   d - Repel Missiles                 Charms/Air                   2
   e - Slow                           Hexes                        2
   f - Conjure Flame                  Conjuration/Fire             3
   g - Mephitic Cloud                 Conjuration/Poison/Air       3
 q - Sif Muna's Disquisition on Conjuration and Lightness
   (Sif Muna gifted it to you on level 11 of the Dungeon)

   Spells                             Type                      Level
   a - Shock                          Conjuration/Air              1
   b - Sting                          Conjuration/Poison           1
   c - Searing Ray                    Conjuration                  2
   d - Venom Bolt                     Conjuration/Poison           5
   e - Lightning Bolt                 Conjuration/Air              5
   f - Conjure Ball Lightning         Conjuration/Air              6
 J - a Fen Folio

   Spells                             Type                      Level
   a - Corpse Rot                     Necromancy                   2
   b - Stone Arrow                    Conjuration/Earth            3
   c - Leda's Liquefaction            Hexes/Earth                  4
   d - Summon Forest                  Summoning/Translocation      5
   e - Hydra Form                     Transmutation                6
   f - Summon Hydra                   Summoning                    7
 L - a book of Frost

   Spells                             Type                      Level
   a - Freeze                         Ice                          1
   b - Throw Frost                    Conjuration/Ice              2
   c - Ozocubu's Armour               Charms/Ice                   3
   d - Throw Icicle                   Conjuration/Ice              4
   e - Summon Ice Beast               Ice/Summoning                4
   f - Condensation Shield            Ice                          4
 O - a book of Power

   Spells                             Type                      Level
   a - Fulminant Prism                Conjuration/Hexes            4
   b - Iskenderun's Mystic Blast      Conjuration                  4
   c - Venom Bolt                     Conjuration/Poison           5
   d - Bolt of Magma                  Conjuration/Fire/Earth       5
   e - Iron Shot                      Conjuration/Earth            6
   f - Orb of Destruction             Conjuration                  7
   g - Spellforged Servitor           Conjuration/Summoning        7
Comestibles
 d - 8 bread rations
 i - 5 chunks of flesh
 y - 5 fruits
 D - 7 slices of pizza
 Z - 2 meat rations


   Skills:
 + Level 4.1 Fighting
 + Level 8.0 Dodging
 - Level 2.4 Stealth
 * Level 12.8 Spellcasting
 + Level 7.6 Conjurations
 + Level 6.6 Charms
 - Level 4.1 Summonings
 + Level 6.6 Translocations
 + Level 6.8 Fire Magic
 * Level 2.9 Ice Magic
 - Level 4.0 Air Magic
 * Level 6.1 Earth Magic
 - Level 2.8 Poison Magic
 * Level 7.8 Invocations
 + Level 5.1 Evocations


You had 10 spell levels left.
You knew the following spells:

 Your Spells              Type           Power        Failure   Level  Hunger
a - Magic Dart            Conj           ####         1%          1    None
b - Conjure Flame         Conj/Fire      ######..     1%          3    None
c - Summon Ice Beast      Ice/Summ       #####...     10%         4    None
d - Blink                 Tloc           N/A          1%          2    None
e - Mephitic Cloud        Conj/Pois/Air  #####...     1%          3    None
f - Repel Missiles        Chrm/Air       #####.       1%          2    None
h - Call Imp              Summ           #####...     1%          2    None
v - Bolt of Magma         Conj/Fire/Erth ######....   6%          5    ##.....
z - Iskenderun's Mystic   Conj           ######..     1%          4    None


Dungeon Overview and Level Annotations

Branches:
Dungeon (12/15)            Temple (1/1) D:7            Lair (2/8) D:11
    Orc: D:9-12

Altars:
Ashenzari
Cheibriados
Dithmenos
Elyvilon
Fedhas
Gozag
Kikubaaqudgha
Makhleb
Nemelex Xobeh
Okawaru
Qazlal
Ru
Sif Muna
Trog
Vehumet
Xom
Yredelemnul
Zin
The Shining One

Shops:
D:4 %   D:8 ?   D:11 %

Annotations:
Lair:2 Gastronok, Harold


Message History

The porcupine misses you. The adder barely misses you.
Harold opens the door.
Gastronok casts a spell.
The adder bites you.
Harold points at you and mumbles some strange words.
The bolt of fire hits the adder.
The adder dies!
The bolt of fire hits you!
* * * LOW HITPOINT WARNING * * *
Drink which item? (? for menu, Esc to quit)
You feel better. The porcupine barely misses you.
Casting: Mephitic Cloud
Confirm with . or Enter, or press ? or * to list all spells.
You miscast Blink.
Sif Muna protects you from the effects of your miscast!
The porcupine bites you but does no damage.
Gastronok casts a spell.
Harold casts a spell at you. The bolt of fire hits you!
You die...

........... ...# .
............ ....#
..
........r...#(.P...#
..
......r...<...#..#
.#
#.....r.w........P.
.##
#.............#.S.
..# #.....#.......#
# .P#
#.....'br........
.##
+.....@@......#..
..#
###.....r#.##..##.
..# #...............
....
..................
...
.....(............
.. .................
............r...
..............
...........


You could see Gastronok, Harold, a porcupine, 2 river rats, 2 quokkas, a bat and
a rat.

Vanquished Creatures
  A hydra (D:11)
  A centaur warrior (D:10)
  4 iron golems (D:9)
  3 hill giants
  A centaur zombie (D:11)
  A black mamba (Lair:1)
  A spiny frog (Lair:1)
  2 gargoyles
  3 komodo dragons
  3 trolls
  Grinder (D:4)
  A trapdoor spider (D:11)
  A basilisk (Lair:1)
  A human (D:7)
  4 hippogriffs
  A wyvern (D:7)
  30 yaks
  3 wolves (D:10)
  Grum (D:10)
  A water moccasin (shapeshifter) (D:9)
  Edmund (D:9)
  2 water moccasins
  Menkaure (D:4)
  3 porcupines
  5 orc warriors
  A wasp (D:9)
  2 phantoms
  4 ice beasts
  3 sky beasts
  5 centaurs
  10 giant frogs
  2 crocodiles
  7 ogres
  2 big kobolds (D:11)
  5 scorpions
  22 killer bees
  5 hounds
  7 orc priests
  A jelly (D:5)
  5 crimson imps
  A goliath beetle (D:6)
  3 giant frog skeletons
  7 iguanas
  4 centaur skeletons
  8 orc wizards
  6 worker ants
  4 sheep (D:7)
  Jessica (D:4)
  Terence (D:3)
  4 hound skeletons
  A mummy (D:9)
  13 adders
  3 gnolls (D:2)
  3 giant mites
  4 worms
  3 shadow imps
  2 adder skeletons
  4 giant geckos
  An ooze (D:4)
  45 orcs
  A bat skeleton (D:8)
  2 bat zombies
  7 goblins
  15 hobgoblins
  5 jackals
  19 kobolds
  7 quokkas
  A ball python skeleton (D:4)
  12 bats
  9 giant cockroaches
  6 giant newts
  3 giant spores
  A jackal skeleton (D:4)
  11 rats
  10 ballistomycetes
384 creatures vanquished.

Vanquished Creatures (collateral kills)
  A cyclops (D:12)
  An ice beast (D:12)
  An ogre (D:9)
  A killer bee (D:10)
  2 orc wizards
  A worker ant (D:10)
  A worm (D:1)
  5 orcs
13 creatures vanquished.

Vanquished Creatures (others)
  A yak (D:9)
  8 ice beasts
  An adder (Lair:2)
  A shadow imp (D:8)
  A bat (D:5)
  A giant spore (D:7)
  3 ballistomycetes (D:8)
  A fungus (Lair:1)
17 creatures vanquished.

Grand Total: 414 creatures vanquished

Notes
Turn   | Place    | Note
--------------------------------------------------------------
     0 | D:1      | faibistes, the Deep Elf Wizard, began the quest for the Orb.
     0 | D:1      | Reached XP level 1. HP: 10/10 MP: 6/6
   404 | D:1      | Reached XP level 2. HP: 15/15 MP: 2/10
   408 | D:1      | Learned a level 2 spell: Blink
   411 | D:1      | Learned a level 2 spell: Call Imp
   835 | D:1      | Reached skill level 5 in Spellcasting
  1032 | D:1      | Reached XP level 3. HP: 19/19 MP: 12/14
  1037 | D:1      | Learned a level 3 spell: Conjure Flame
  1041 | D:1      | Learned a level 3 spell: Mephitic Cloud
  1769 | D:2      | Reached XP level 4. HP: 13/24 MP: 6/17
  1787 | D:2      | Learned a level 2 spell: Repel Missiles
  2425 | D:3      | Noticed Terence
  2439 | D:3      | Killed Terence
  2553 | D:4      | Reached skill level 6 in Spellcasting
  3002 | D:3      | Reached XP level 5. HP: 28/28 MP: 14/20
  3306 | D:3      | Noticed a phantom
  3311 | D:3      | Killed a phantom
  3434 | D:5      | Entered Level 5 of the Dungeon
  3464 | D:4      | Noticed a phantom
  3487 | D:4      | Killed a phantom
  3487 | D:4      | Reached skill level 7 in Spellcasting
  3487 | D:4      | Reached XP level 6. HP: 18/32 MP: 14/23
  3680 | D:5      | Noticed Grinder
  3692 | D:4      | Paralysed by Grinder for 4 turns
  3703 | D:4      | Killed Grinder
  3703 | D:4      | Reached XP level 7. HP: 6/36 MP: 4/25
  4019 | D:4      | Found Buefo's Food Emporium.
  4142 | D:4      | Reached skill level 8 in Spellcasting
  4147 | D:4      | Reached skill level 1 in Fighting
  4243 | D:4      | Noticed Jessica
  4243 | D:4      | Noticed Menkaure
  4260 | D:4      | Killed Jessica
  4496 | D:4      | Killed Menkaure
  4496 | D:4      | Reached skill level 5 in Dodging
  4520 | D:4      | Found a deep blue altar of Sif Muna.
  4528 | D:4      | Became a worshipper of Sif Muna the Loreminder
  4957 | D:5      | Found a white marble altar of Elyvilon.
  5009 | D:5      | Reached skill level 1 in Fire Magic
  5284 | D:5      | Reached skill level 1 in Air Magic
  5284 | D:5      | Reached XP level 8. HP: 44/44 MP: 17/27
  5725 | D:7      | Acquired Sif Muna's first power
  5725 | D:7      | Reached skill level 1 in Poison Magic
  5875 | D:6      | Reached skill level 9 in Spellcasting
  6160 | D:6      | Found a deep blue altar of Sif Muna.
  6927 | D:7      | Found a staircase to the Ecumenical Temple.
  7180 | Temple   | Entered the Ecumenical Temple
  7411 | D:7      | Found a sparkling altar of Nemelex Xobeh.
  7415 | D:7      | Found a shimmering altar of Xom.
  7415 | D:7      | Found a bloodstained altar of Trog.
  7443 | D:7      | Acquired Sif Muna's second power
  7443 | D:7      | Reached skill level 5 in Conjurations
  7509 | D:7      | Found a blossoming altar of Fedhas.
  7512 | D:7      | Found an ancient bone altar of Kikubaaqudgha.
  7719 | D:7      | Reached XP level 9. HP: 48/48 MP: 9/29
  8950 | D:8      | Found Skonac's Magic Scroll Shoppe.
  9043 | D:8      | Bought a scroll of blinking for 82 gold pieces
  9043 | D:8      | Bought a scroll of teleportation for 33 gold pieces
  9044 | D:8      | Noticed a hill giant
  9064 | D:8      | Killed a hill giant
  9064 | D:8      | Reached skill level 10 in Spellcasting
  9064 | D:8      | Reached skill level 1 in Charms
  9064 | D:8      | Reached skill level 1 in Invocations
  9064 | D:8      | Reached skill level 1 in Evocations
  9766 | D:8      | Reached XP level 10. HP: 53/53 MP: 6/31
 10018 | D:8      | Reached skill level 5 in Fire Magic
 10153 | D:9      | Learned a level 4 spell: Throw Icicle
 10158 | D:9      | Learned a level 4 spell: Summon Ice Beast
 10310 | D:9      | Learned a level 4 spell: Iskenderun's Mystic Blast
 10317 | D:9      | Learned a level 5 spell: Bolt of Magma
 10414 | D:9      | Noticed Edmund
 10419 | D:9      | Killed Edmund
 10592 | D:9      | Reached skill level 1 in Earth Magic
 10845 | D:10     | Entered Level 10 of the Dungeon
 11106 | D:9      | Acquired Sif Muna's third power
 11997 | D:10     | Noticed Grum
 12002 | D:10     | Killed Grum
 12194 | D:10     | Reached skill level 11 in Spellcasting
 12204 | D:10     | Reached skill level 5 in Translocations
 12363 | D:10     | Reached skill level 5 in Invocations
 12363 | D:10     | Reached XP level 11. HP: 12/60 MP: 4/33
 13344 | D:10     | Noticed a hill giant
 13352 | D:10     | Killed a hill giant
 13352 | D:10     | Reached skill level 5 in Charms
 13829 | D:10     | Noticed a centaur warrior
 13870 | D:10     | Noticed an iron golem
 13872 | D:10     | Noticed an iron golem
 13872 | D:10     | Noticed an iron golem
 13875 | D:10     | Noticed an iron golem
 13881 | D:10     | Killed a centaur warrior
 14596 | D:9      | Killed an iron golem
 15206 | D:9      | Killed an iron golem
 15710 | D:9      | Killed an iron golem
 15710 | D:9      | Reached skill level 12 in Spellcasting
 15710 | D:9      | Reached skill level 5 in Earth Magic
 16017 | D:9      | Killed an iron golem
 16332 | D:11     | Received a gift from Sif Muna
 16333 | D:11     | Identified Sif Muna's Disquisition on Conjuration and Lightness (Sif Muna gifted it to you on level 11 of the Dungeon)
 16460 | D:12     | Reached XP level 12. HP: 66/66 MP: 29/35
 16660 | D:11     | Noticed a hill giant
 16666 | D:11     | Killed a hill giant
 16698 | D:11     | Found Hezuh's Food Shoppe.
 16704 | D:11     | Noticed an eight-headed hydra
 16713 | D:11     | Killed an eight-headed hydra
 16811 | D:11     | Found a burning altar of Makhleb.
 18209 | D:11     | Found a staircase to the Lair.
 18220 | Lair:1   | Entered Level 1 of the Lair of Beasts
 18322 | Lair:1   | Reached skill level 1 in Ice Magic
 18322 | Lair:1   | Reached skill level 5 in Evocations
 19507 | Lair:2   | Noticed Harold
 19514 | Lair:2   | Noticed Gastronok
 19532 | Lair:2   | Killed from afar by Harold

Action                   |  1- 3 |  4- 6 |  7- 9 | 10-12 || total
-------------------------+-------+-------+-------+-------++-------
Melee: Dagger            |     5 |    14 |    21 |       ||    40
       Short sword       |       |       |   161 |    19 ||   180
       Demon blade       |       |       |       |   132 ||   132
       Staff             |       |       |       |     8 ||     8
 Cast: Magic Dart        |    75 |    89 |   323 |   126 ||   613
       Call Imp          |     3 |       |     3 |       ||     6
       Mephitic Cloud    |     2 |     3 |    28 |    37 ||    70
       Conjure Flame     |     1 |     9 |    41 |    88 ||   139
       Repel Missiles    |       |     1 |       |     1 ||     2
       Blink             |       |     2 |    11 |    16 ||    29
       Iskenderun's Myst |       |       |       |   143 ||   143
       Bolt of Magma     |       |       |       |   141 ||   141
       Summon Ice Beast  |       |       |       |    12 ||    12
Invok: Channel Energy    |       |       |       |   190 ||   190
Evoke: Wand              |       |       |       |    14 ||    14
  Use: Scroll            |       |     1 |    17 |    12 ||    30
       Potion            |       |     1 |       |     3 ||     4
 Stab: Confused          |       |     1 |     7 |     3 ||    11
  Eat: Chunk             |     2 |     6 |    18 |    29 ||    55
       Pizza             |       |       |     1 |       ||     1
       Meat ration       |       |       |       |     6 ||     6
       Beef jerky        |       |       |       |     2 ||     2
       Bread ration      |       |       |       |     1 ||     1
       Royal jelly       |       |       |       |     1 ||     1
       Fruit             |       |       |       |     2 ||     2
